 Dungeon Sprint DCSS version 0.30-a0-137-gd8773701ce (webtiles) character file.

Game seed: 15669703807090771240

543 purpskrrrp the Grappler (level 6, -6/48 HPs)
             Began as a Demigod Transmuter on Sept 22, 2022.
             Mangled by a wyvern (16 damage)
             ... in the Dungeon (Sprint II: "The Violet Keep of Menkaure").
             The game lasted 00:05:29 (364 turns).

purpskrrrp the Grappler (Demigod Transmuter)         Turns: 364, Time: 00:05:30

Health: -6/48      AC:  2    Str: 19    XL:     6   Next: 77%
Magic:  18/19      EV: 14    Int: 15    God:
Gold:   486        SH:  0    Dex: 14    Spells: 16/17 levels left

rFire   . . .      SeeInvis .    b - +0 spear
rCold   . . .      Faith    .    (no shield)
rNeg    . . .      Spirit   .    a - +0 robe
rPois   .          Reflect  .    (helmet currently unavailable)
rElec   .          Harm     .    (no cloak)
rCorr   .          Rampage  .    (no gloves)
Will    .....      NoTele   +    (boots currently unavailable)
Stlth   +.........               (no amulet)
HPRegen 0.16/turn                (no ring)
MPRegen 0.16/turn                (no ring)

@: appendages (expiring)
A: horns 2, talons 2, high MP 1, forlorn, divine attributes
a: End Transformation


You were in the Dungeon.
You had temporarily grown beastly horns and talons.
You visited 1 branch You collected 486 gold pieces.

Inventory:

Hand Weapons
 b - a +0 spear (weapon)
Armour
 a - a +0 robe (worn)
Scrolls
 h - a scroll of blinking
Potions
 c - a potion of curing
 f - 2 potions of magic


   Skills:
 + Level 2.0 Fighting
 + Level 5.0 Dodging
 + Level 10.1 Unarmed Combat
 + Level 6.4 Spellcasting
 + Level 5.4 Transmutations


You had 16 spell levels left.
You knew the following spells:

 Your Spells              Type           Power      Damage    Failure   Level
a - Beastly Appendage     Tmut           42%        N/A       1%          1

Your spell library contained the following spells:

 Spells                   Type           Power      Damage    Failure   Level
 Wereblood                Tmut           21%        N/A       2%          2
 Spider Form              Tmut/Pois      12%        N/A       14%         3
 Ice Form                 Ice/Tmut       12%        N/A       43%         4


Dungeon Overview and Level Annotations

Branches:
Dungeon (1/1)

Annotations:
D exclusion: orange crystal statue


Innate Abilities, Weirdness & Mutations

You have temporarily grown beastly horns and talons.
You have an increased reservoir of magic. (+10% MP)
You shall have no god before yourself.
Your divine heritage dramatically boosts your attributes as you level up.


Message History

You have reached level 6!
Your experience leads to a dramatic increase in your attributes!
Increase (S)trength, (I)ntelligence, or (D)exterity?
You feel stronger. x4
Unknown command.
You have temporarily grown beastly horns and talons.
Your movement speed is average.
Your attack delay is about 0.8.
Your damage rating with unarmed combat is about 19 (Base [3 + 10 (UC)] x 122% (Str) x 124% (Skill)).
Unknown command.
Things that are here:
a +0 spear; a merfolk corpse
b - a +0 spear (weapon)
You start resting.
Magic restored.
You start resting.
Your transformation is almost over.
Your horns disappear.
Your talons disappear.
HP restored.
Found 243 gold pieces.
You now have 486 gold pieces (gained 243).
You open the door.
Marking area around an orange crystal statue as unsafe for travelling.
You close the door.
You see here a merfolk corpse.
There is an open door, spattered with blood here.
The walls and floor vibrate strangely for a moment.
There is a staircase leading out of the dungeon here.
You open the door.
You grow a pair of large bovine horns.
Your feet morph into talons.
Your transformation is almost over.
The wyvern hisses angrily.
The wyvern bites you!
The wyvern hisses angrily.
There is an open door here.
The wyvern attacks as you move away! The wyvern barely misses you.
The wyvern attacks as you move away! The wyvern bites you.
You hit the wyvern but do no damage. The wyvern bites you!!
* * * LOW HITPOINT WARNING * * *
The wyvern bites you!
You die...

++#++ ...
##+##
##...##
#..#..#
####.†.## #
#.###'## B##
#l##.##$°.#
#l@<.+#
#.##.##.B.#
#.###'## .##
####÷÷.## #
#..#..#
##.#.##
##+##
#~~~~~~~~~§≈
#+++#+++#~≈§


You could see 2 wyverns.

Vanquished Creatures
  A merfolk siren (D)
  4 necrophages (D)
5 creatures vanquished.

Vanquished Creatures (others)
  Menkaure (D)
  A water moccasin (D)
2 creatures vanquished.

Grand Total: 7 creatures vanquished

Notes
Turn   | Place    | Note
-------+----------+-------------------------------------------
     0 | D        | purpskrrrp the Demigod Transmuter began the quest for the
                  | Orb.
     0 | D        | Reached XP level 1. HP: 15/15 MP: 5/5
     3 | D        | Noticed a boulder beetle
     3 | D        | Noticed a boulder beetle
     8 | D        | Noticed a merfolk siren
    13 | D        | Noticed a wyvern
    13 | D        | Noticed a wyvern
    47 | D        | Noticed a necrophage
    47 | D        | Noticed a necrophage
    47 | D        | Noticed a necrophage
    47 | D        | Noticed a necrophage
    55 | D        | Killed a necrophage
    56 | D        | Reached skill level 1 in Fighting
    56 | D        | Reached skill level 5 in Unarmed Combat
    56 | D        | Reached XP level 2. HP: 20/23 MP: 5/9
    56 | D        | Reached XP level 3. HP: 24/28 MP: 5/10
    58 | D        | Killed a necrophage
    59 | D        | Reached skill level 6 in Unarmed Combat
    59 | D        | Reached XP level 4. HP: 30/35 MP: 5/13
    62 | D        | Killed a necrophage
    63 | D        | Reached skill level 7 in Unarmed Combat
    63 | D        | Reached XP level 5. HP: 28/40 MP: 6/15
    70 | D        | Reached skill level 8 in Unarmed Combat
    70 | D        | Reached skill level 5 in Spellcasting
   115 | D        | Killed Menkaure
   272 | D        | Killed a merfolk siren
   273 | D        | Reached skill level 5 in Dodging
   273 | D        | Reached skill level 10 in Unarmed Combat
   273 | D        | Reached skill level 5 in Transmutations
   273 | D        | Reached XP level 6. HP: 36/48 MP: 17/19
   348 | D        | Killed a water moccasin
   350 | D        | Noticed an orange crystal statue
   364 | D        | Mangled by a wyvern

Illustrated notes

Levels and vault maps discovered:
D:        the_violet_keep_of_menkaure [sprint2_stairs_cluster_1,
          sprint2_shoproom, sprint2_temple, sprint2_basic_supplies,
          sprint2_obstacle_7, sprint2_obstacle_2, sprint2_obstacle_4,
          sprint2_obstacle_1, sprint2_obstacle_3, sprint2_timed_cluster_1,
          sprint2_smallroom_cluster_1, sprint2_smallroom_final_cluster_1,
          sprint2_transparent_cluster_1, sprint2_second_timed_cluster_1,
          sprint2_sniper_area_1, sprint2_heavy_combat_area_1,
          sprint2_mutation_trap_area_1, sprint2_forest_area_1,
          sprint2_light_combat_area_1, sprint2_behind_water_1,
          sprint2_near_end_vault_1]

Skill      XL: |  1  2  3  4  5 |
---------------+----------------+-----
Fighting       | 1 2 |  2.0
Dodging        | 2 3 5 |  5.0
Unarmed Combat | 5 6 7 10 | 10.1
Spellcasting   | 3 4 6 |  6.4
Transmutations | 3 4 5 |  5.4

Action                   |  1- 3 |  4- 6 || total
-------------------------+-------+-------++-------
Melee: Unarmed           |     9 |    12 ||    21
       Headbutt          |     2 |     3 ||     5
       Kick              |     1 |     3 ||     4
       Punch             |       |     1 ||     1
       Spear             |       |     1 ||     1
 Cast: Beastly Appendage |     3 |     2 ||     5
  Use: Potion            |     2 |     2 ||     4
Armor: Robe              |     1 |       ||     1
       Skin              |       |     1 ||     1
Dodge: Dodged            |     1 |     3 ||     4

Table legend: (Time is in decaauts)
 A = Elapsed time spent in this place.
 B = Non-inter-level travel time spent in this place.
 C = Inter-level travel time spent in this place.
 D = Time resting spent in this place.
 E = Time spent auto-exploring this place.
 F = Levels seen in this place.
 G = Mean time per level.
                   A        B        C        D        E       F      G
               +--------+--------+--------+--------+--------+-----+--------+
         Total |    353 |    344 |      9 |    271 |      0 |   1 |  353.0 |
       Dungeon |    353 |    344 |      9 |    271 |      0 |   1 |  353.0 |
               +--------+--------+--------+--------+--------+-----+--------+

Top non-repeatable levels by time:
       D: 353 daAuts
